 Dungeon Crawl Stone Soup version 0.31-a0-889-g1a8549509d (webtiles) character file.

Game seed: 6837888350918802745

149 zazu2006 the Fighter (level 5, -6/76 HPs)
             Began as a Gnoll Wanderer on Oct 16, 2023.
             Mangled by a wight
             ... wielding a +3 long sword of freezing
              (13 damage)
             ... on level 4 of the Dungeon.
             The game lasted 00:05:05 (2931 turns).

zazu2006 the Fighter (Gnoll Wanderer)               Turns: 2931, Time: 00:05:05

Health: -6/76      AC:  9    Str: 12    XL:     5   Next: 31%
Magic:  14/16      EV:  9    Int: 13    God:
Gold:   244        SH:  7    Dex: 11    Spells: 4/6 levels left

rFire   . . .        s - +0 long sword
rCold   . . .        e - +2 buckler
rNeg    . . .        c - +0 scale mail
rPois   .            p - +0 helmet
rElec   .            (no cloak)
rCorr   .            (no gloves)
SInv    .            (no boots)
Will    .....        (no amulet) Stlth
                     m - ring of magical power
HPRegen 0.32/turn    (no ring)
MPRegen 0.15/turn

%: no passive effects
@: berserking (expiring), very quick
A: fangs 1, strong nose, distributed training
a: no special abilities


You were on level 4 of the Dungeon.
You visited 1 branch of the dungeon, and saw 4 of its levels.

You collected 244 gold pieces.

Inventory:

Hand Weapons
 o - a +0 great sword
 s - a +0 long sword (weapon)
Armour
 c - a +0 scale mail (worn)
 e - a +2 buckler (worn)
 p - a +0 helmet (worn)
Jewellery
 m - a ring of magical power (left hand)
Scrolls
 a - a scroll of vulnerability {unknown}
 f - a scroll of enchant weapon {unknown}
 g - a scroll of poison {unknown}
 h - a scroll of fear {unknown}
 q - a scroll of identify {unknown}
 r - a scroll of immolation {unknown}
Potions
 b - 4 potions of curing
 i - a potion of lignification {unknown}
 j - a potion of might {unknown}
 k - 2 potions of attraction {unknown}
 l - 2 potions of degeneration {unknown}
 n - 2 potions of brilliance {unknown}
 t - a potion of cancellation {unknown}


   Skills:
 + Level 8.6 Fighting
 + Level 1.4 Short Blades
 + Level 1.4 Long Blades
 + Level 1.4 Axes
 + Level 1.4 Maces & Flails
 + Level 1.4 Polearms
 + Level 1.4 Staves
 + Level 1.4 Ranged Weapons
 + Level 1.4 Throwing
 + Level 6.7 Armour
 + Level 1.4 Dodging
 + Level 1.4 Stealth
 + Level 6.7 Shields
 + Level 1.4 Unarmed Combat
 + Level 1.4 Spellcasting
 + Level 1.1 Conjurations
 + Level 1.1 Hexes
 + Level 1.1 Summonings
 + Level 1.1 Necromancy
 + Level 1.1 Translocations
 + Level 1.1 Transmutations
 + Level 1.1 Fire Magic
 + Level 1.1 Ice Magic
 + Level 1.1 Air Magic
 + Level 1.1 Earth Magic
 + Level 1.1 Poison Magic
 + Level 1.6 Invocations
 + Level 1.4 Evocations
 + Level 1.3 Shapeshifting


You had 4 spell levels left.
You knew the following spells:

 Your Spells              Type           Power      Damage    Failure   Level
a - Blink                 Tloc           8%         N/A       82%         2

Your spell library contained the following spells:

 Spells                   Type           Power      Damage    Failure   Level
 Lesser Beckoning         Tloc           8%         N/A       82%         2
 Momentum Strike          Conj/Tloc      8%         3d8       82%         2
 Ozocubu's Armour         Ice            4%         N/A       96%         3
 Summon Forest            Summ/Tloc      2%         N/A       100%        5
 Summon Mana Viper        Hex/Summ       4%         N/A       100%        5
 Summon Cactus Giant      Summ           2%         N/A       100%        6
 Ozocubu's Refrigeration  Ice            2%         4d7       100%        7


Dungeon Overview and Level Annotations

Branches:
Dungeon (4/15)
 Temple: D:4-7

Altars:
Makhleb

Shops:
D:4 :[=[


Innate Abilities, Weirdness & Mutations

You have very sharp teeth.
Your uncanny sense of smell can sniff out nearby items.
Your experience applies equally to all skills.


Message History

There is a fountain of clear blue water here.
There is an entrance to Rebaur's Jewellery Shoppe here.
Found 6 gold pieces.
You see here 6 gold pieces.
You now have 244 gold pieces (gained 6).
You aren't carrying any items that you can evoke.
The wight hits you with a +4 hand axe!
You hit the wight.
The wight is moderately damaged.
The wight hits you with a +4 hand axe.
You feel drained. The wight barely misses you.
You barely miss the wight. Your bite misses the wight.
The wight is moderately damaged.
The wight hits you with a +4 hand axe.
You feel drained.
You hit the wight. You bite the wight.
The wight is heavily damaged.
The wight hits you with a +4 hand axe!
You feel drained.
* * * LOW HITPOINT WARNING * * *
The wight completely misses you.
You hit the wight but do no damage.
The wight is heavily damaged.
The wight hits you but does no damage.
A red film seems to cover your vision as you go berserk!
You feel yourself moving faster!
You feel mighty! The wight hits you with a +4 hand axe.
* * * LOW HITPOINT WARNING * * *
You feel drained.
You slash the wight!
You destroy the wight!
Your life force feels restored.
You have reached level 5!
You barely miss the wight.
The wight hits you with a +3 long sword of freezing!
* * * LOW HITPOINT WARNING * * *
The wight freezes you.
* * * LOW HITPOINT WARNING * * *
You hit the wight.
The wight is heavily damaged.
The wight hits you with a +3 long sword of freezing!
You die...

#.......# #.# #.# #.# #..)....#
#.# #.# #.#
#.......########.######.###.#
+......)........>...........#
#.......########.######.#########
#.......# #......)..........
#.......# #.######.#########
#.......# #.# #<....# #.......#
#@# #.###.# #.......# #z# #.# #.#
#.......########z#### #.# #.#
#.......#...........# #.# #.#
........#...z.......# #.# #.#
........#...........# #.# #.#####
....z.....z.........# #.# #......
........#...........# #.# #######
........#...........# #.#########


You could see 2 wights.

Vanquished Creatures
  A wight (D:4)
  4 adders (D:3)
  2 dart slugs
  An orc (D:2)
  5 bats
  3 endoplasms
  2 giant cockroaches
  7 goblins
  5 hobgoblins
  3 jackals (D:1)
  3 quokkas
  3 ball pythons (D:1)
  3 frilled lizards
  5 kobolds
  11 rats
58 creatures vanquished.

Notes
Turn   | Place    | Note
-------+----------+-------------------------------------------
     0 | D:1      | zazu2006 the Gnoll Wanderer began the quest for the Orb.
     0 | D:1      | zazu2006 set off with the following items: a +0 club, a
                  | potion of curing, a +0 scale mail, a potion of berserk
                  | rage, a +2 buckler.
     0 | D:1      | Reached XP level 1. HP: 26/26 MP: 1/1
   105 | D:1      | Reached XP level 2. HP: 26/33 MP: 2/2
   792 | D:1      | Reached XP level 3. HP: 38/38 MP: 3/3
   840 | D:1      | Found a faded altar of an unknown god.
  1194 | D:2      | Found a burning altar of Makhleb.
  1354 | D:2      | Reached skill level 1 in Invocations
  2202 | D:3      | Reached skill level 1 in Short Blades
  2202 | D:3      | Reached skill level 1 in Long Blades
  2202 | D:3      | Reached skill level 1 in Axes
  2202 | D:3      | Reached skill level 1 in Maces & Flails
  2202 | D:3      | Reached skill level 1 in Polearms
  2202 | D:3      | Reached skill level 1 in Staves
  2202 | D:3      | Reached skill level 1 in Ranged Weapons
  2202 | D:3      | Reached skill level 1 in Throwing
  2202 | D:3      | Reached skill level 1 in Dodging
  2202 | D:3      | Reached skill level 1 in Stealth
  2202 | D:3      | Reached skill level 1 in Unarmed Combat
  2202 | D:3      | Reached skill level 1 in Spellcasting
  2202 | D:3      | Reached skill level 1 in Evocations
  2255 | D:3      | Reached skill level 1 in Shapeshifting
  2255 | D:3      | Reached XP level 4. HP: 45/45 MP: 5/5
  2380 | D:3      | Reached skill level 1 in Conjurations
  2380 | D:3      | Reached skill level 1 in Hexes
  2380 | D:3      | Reached skill level 1 in Summonings
  2380 | D:3      | Reached skill level 1 in Necromancy
  2380 | D:3      | Reached skill level 1 in Translocations
  2380 | D:3      | Reached skill level 1 in Transmutations
  2380 | D:3      | Reached skill level 1 in Fire Magic
  2380 | D:3      | Reached skill level 1 in Ice Magic
  2380 | D:3      | Reached skill level 1 in Air Magic
  2380 | D:3      | Reached skill level 1 in Earth Magic
  2380 | D:3      | Reached skill level 1 in Poison Magic
  2542 | D:3      | Learned a level 2 spell: Blink
  2873 | D:4      | Found Ocaudd's Armour Shoppe.
  2877 | D:4      | Found Rebaur's Jewellery Shoppe.
  2881 | D:4      | Found Ziegais's Antique Armour Shoppe.
  2883 | D:4      | Found Quokk's Book Shoppe.
  2930 | D:4      | Reached XP level 5. HP: 17/51 MP: 7/7
  2931 | D:4      | Mangled by a wight

Illustrated notes

Levels and vault maps discovered:
D:1:      heliophobic_arrival_ceremonial_halls, layout_basic,
          hellmonk_ecumenical_altar_heavens_door, serial_corexii_hall,
          corexii_hall_statues_deadend, chequers_hall_statues_corner_a,
          minivault_23
D:2:      layout_basic, basic_altar, minmay_misc_feat_nine_boxes
D:3:      kennysheep_big_flooded_room, layout_rooms, lightli_corner_chamber
D:4:      layout_basic, nicolae_shop_i_like_small_books_too,
          minmay_shop_grid_forest, minmay_circle_x

Skill      XL: |  1  2  3  4 |
---------------+-------------+-----
Invocations    | 1 |  1.6
Short Blades   | 1 |  1.4
Long Blades    | 1 |  1.4
Axes           | 1 |  1.4
Maces & Flails | 1 |  1.4
Polearms       | 1 |  1.4
Staves         | 1 |  1.4
Ranged Weapons | 1 |  1.4
Throwing       | 1 |  1.4
Dodging        | 1 |  1.4
Stealth        | 1 |  1.4
Unarmed Combat | 1 |  1.4
Spellcasting   | 1 |  1.4
Evocations     | 1 |  1.4
Shapeshifting  | 1 |  1.3
Conjurations   | 1 |  1.1
Hexes          | 1 |  1.1
Summonings     | 1 |  1.1
Necromancy     | 1 |  1.1
Translocations | 1 |  1.1
Transmutations | 1 |  1.1
Fire Magic     | 1 |  1.1
Ice Magic      | 1 |  1.1
Air Magic      | 1 |  1.1
Earth Magic    | 1 |  1.1
Poison Magic   | 1 |  1.1
Fighting       | |  8.6
Armour         | |  6.7
Shields        | |  6.7

Action                     |  1- 3 |  4- 6 || total
---------------------------+-------+-------++-------
  Melee: Club              |   169 |    58 ||   227
         Bite              |    16 |     5 ||    21
         Long sword        |       |    12 ||    12
    Use: Potion            |       |     1 ||     1
 Armour: Scale mail        |    97 |    55 ||   152
  Dodge: Dodged            |    62 |    20 ||    82
  Block: Buckler           |    71 |    21 ||    92

Table legend: (Time is in decaauts)
 A = Elapsed time spent in this place.
 B = Non-inter-level travel time spent in this place.
 C = Inter-level travel time spent in this place.
 D = Time resting spent in this place.
 E = Time spent auto-exploring this place.
 F = Levels seen in this place.
 G = Mean time per level.
                   A        B        C        D        E       F      G
               +--------+--------+--------+--------+--------+-----+--------+
         Total |   3003 |   2881 |    122 |      0 |   2280 |   4 |  750.8 |
       Dungeon |   3003 |   2881 |    122 |      0 |   2280 |   4 |  750.8 |
               +--------+--------+--------+--------+--------+-----+--------+

Top non-repeatable levels by time:
     D:1: 1197 daAuts
     D:2: 960 daAuts
     D:3: 541 daAuts
     D:4: 303 daAuts
